 Dungeon Crawl Stone Soup version 0.18.1-8-gdd0e5ea (webtiles) character file.

413 Scarto the Skirmisher (level 6, -3/49 HPs)
             Began as a Demonspawn Fighter on June 7, 2016.
             Slain by an orc priest
             ... wielding a +2 trident of venom
              (4 damage)
             ... on level 4 of the Dungeon.
             The game lasted 00:05:01 (3359 turns).

Scarto the Skirmisher (Demonspawn Fighter)          Turns: 3359, Time: 00:05:02

Health: -3/49      AC:  9    Str: 19    XL:     6   Next: 59%
Magic:  6/6        EV:  7    Int:  9    God:
Gold:   219        SH:  9    Dex: 12    Spells: 0 memorised, 5 levels left

rFire  . . .     SeeInvis .     a - +0 war axe
rCold  . . .     Gourm    .     o - +0 chain mail
rNeg   . . .     Faith    .     c - +0 shield
rPois  .         Spirit   .     (helmet restricted)
rElec  .         Dismiss  .     (no cloak)
rCorr  .         Reflect  .     (no gloves)
SustAt .         Harm     .     (no boots)
MR     .....                    (no amulet)
Stlth  ..........               (no ring)
                                (no ring)

@: lethally poisoned (-3 -> -38), not resistant to hostile enchantments,
extremely unstealthy
A: antennae 2, repulsion field 1
a: no special abilities


You were on level 4 of the Dungeon.
You were not hungry.

You visited 1 branch of the dungeon, and saw 4 of its levels.

You collected 219 gold pieces.

Inventory:

Hand Weapons
 a - a +0 war axe (weapon)
 i - a +0 mace
Armour
 b - a +0 scale mail
 c - a +0 shield (worn)
 o - a +0 chain mail (worn)
Wands
 k - a wand of confusion (9/48)
Scrolls
 g - a scroll of teleportation
 p - 3 scrolls of identify
 t - a scroll of remove curse
 w - a scroll of random uselessness {unknown}
Potions
 d - a potion of might
 e - a potion of agility {unknown}
 h - a potion of lignification {unknown}
 l - a potion of magic {unknown}
 m - a potion of heal wounds {unknown}
 q - a potion of curing
 u - a potion of berserk rage {unknown}
Comestibles
 f - a bread ration
 j - a slice of pizza
 n - 3 beef jerkies
 r - 2 meat rations
 s - 5 fruits
 v - 4 chunks of flesh


   Skills:
 + Level 4.5 Fighting
 + Level 3.3(3.7) Axes
 + Level 2.3(3.2) Maces & Flails
 + Level 3.6 Armour
 + Level 3.8 Shields


You had 5 spell levels left.
You didn't know any spells.

Dungeon Overview and Level Annotations

Branches:
Dungeon (4/15)
 Temple: D:4-7

Altars:
Cheibriados
Elyvilon
Okawaru
Vehumet
Yredelemnul


Innate Abilities, Weirdness & Mutations

You have a pair of antennae on your head.
You are surrounded by a mild repulsion field (EV +2).


Message History

You feel very sick.
Something hits you but does no damage. x2; The orc priest barely misses you.
Something hits you but does no damage.
Unknown command.
You closely miss something.
You feel very sick. You block something's attack.
The orc priest calls down the wrath of Beogh upon you.
Beogh smites you!
* * * LOW HITPOINT WARNING * * *
Something hits you but does no damage.
Your shield prevents you from hitting something.
* * * LOW HITPOINT WARNING * * *
You feel very sick.
The orc priest hits you from afar with a trident of venom!
* * * LOW HITPOINT WARNING * * *
You are more poisoned.
You block something's attack. Something completely misses you.
The orc priest hits you from afar with a trident of venom.
You die... #.#.# #.#.## #....## #..... ....# .ao

#{# #@# #)# #.# #.# #.# ### #†#
######### ##.## #.#
#.......##### ##.(.########
#.####............
#..>........###.##....####)####.


You could see a worker ant and an orc priest.

Vanquished Creatures
  Menkaure (D:4)
  An ogre (D:4)
  2 orc wizards (D:4)
  7 adders
  An ooze (D:3)
  A worm (D:2)
  5 dart slugs
  A giant gecko (D:1)
  11 orcs
  3 ball pythons (D:3)
  4 giant cockroaches
  4 goblins
  4 hobgoblins
  3 jackals (D:2)
  4 kobolds (D:2)
  A quokka (D:3)
  6 bats
  A giant gecko skeleton (D:4)
  3 giant newts
  A quokka skeleton (D:4)
  9 rats
73 creatures vanquished.

Notes
Turn   | Place    | Note
--------------------------------------------------------------
     0 | D:1      | Scarto the Demonspawn Fighter began the quest for the Orb.
     0 | D:1      | Reached XP level 1. HP: 18/18 MP: 1/1
   217 | D:1      | Gained mutation: You have a pair of small antennae on your head. [demonic ancestry]
   217 | D:1      | Reached XP level 2. HP: 24/24 MP: 2/2
   916 | D:2      | Reached XP level 3. HP: 28/29 MP: 3/3
  1018 | D:2      | Reached skill level 1 in Maces & Flails
  1186 | D:2      | Found a radiant altar of Vehumet.
  1335 | D:2      | Found an iron altar of Okawaru.
  1511 | D:2      | Gained mutation: You have a pair of antennae on your head. [demonic ancestry]
  1511 | D:2      | Reached XP level 4. HP: 22/36 MP: 4/4
  1775 | D:3      | Found a faded altar to an unknown god.
  2027 | D:3      | Found a snail-covered altar of Cheibriados.
  2041 | D:3      | Found a white marble altar of Elyvilon.
  2609 | D:4      | Reached skill level 4 in Fighting
  2609 | D:4      | Gained mutation: You are surrounded by a mild repulsion field (EV +2). [demonic ancestry]
  2609 | D:4      | Reached XP level 5. HP: 13/42 MP: 5/5
  2949 | D:4      | Noticed Menkaure
  2956 | D:4      | Killed Menkaure
  2956 | D:4      | Reached XP level 6. HP: 8/48 MP: 6/6
  3206 | D:4      | Found a basalt altar of Yredelemnul.
  3359 | D:4      | HP: 1/49 [orc priest/trident of venom (7)]
  3359 | D:4      | Slain by an orc priest

Skill      XL: |  1  2  3  4  5 |
---------------+----------------+-----
Axes           | 2 3 |  3.3
Maces & Flails | 1 2 |  2.3
Shields        | 3 |  3.8
Armour         | 3 |  3.6
Fighting       | 4 |  4.5

Action                   |  1- 3 |  4- 6 || total
-------------------------+-------+-------++-------
Melee: War axe           |   144 |   198 ||   342
  Use: Scroll            |       |     6 ||     6
       Potion            |       |     1 ||     1
  Eat: Bread ration      |     1 |     1 ||     2
Armor: Scale mail        |    48 |       ||    48
       Chain mail        |    26 |   122 ||   148
Dodge: Dodged            |    28 |    34 ||    62
Block: Shield            |    73 |   109 ||   182
